 Dungeon Crawl Stone Soup version 0.30.0-30-g96aa6591b8 (webtiles) character file.

Game seed: 17666221700877175065

31641 Descartes the Metallomancer (level 13, -2/79 HPs)
             Began as a Formicid Earth Elementalist on June 29, 2023.
             Was an Initiate of Gozag.
             Constricted to death by Jorgrun (6 damage)
             ... while petrified by Jorgrun
             ... on level 13 of the Dungeon.
             The game lasted 00:55:18 (18910 turns).

Descartes the Metallomancer (FoEE)                 Turns: 18910, Time: 00:55:18

Health: -2/79      AC: 10    Str: 17    XL:     13   Next: 97%
Magic:  6/22       EV: -1    Int: 21    God:    Gozag
Gold:   1878       SH:  0    Dex: 13    Spells: 4/24 levels left

rFire   + . .        N - +2 quarterstaff (chaos)
rCold   . . .        F - +0 kite shield
rNeg    + + +        r - +2 robe "Ruybie" {Archmagi}
rPois   ∞            (helmet unavailable)
rElec   .            O - +0 cloak
rCorr   .            G - +0 pair of gloves
SInv    +            Z - +2 pair of boots
Will    +....        D - amulet of the Swan {Fly rPois Regen+ Int+2}
Stlth   ++           I - ring of protection from fire
HPRegen 1.13/turn    J - ring of positive energy
MPRegen 0.18/turn

%: archmagi
@: petrified, grasped by roots, flying, constricted
A: permanent stasis, dig shafts and tunnels, antennae 3, four strong arms,
clever 1, sturdy frame 1
a: Dig, Shaft Self, Renounce Religion, Potion Petition, Call Merchant, Bribe
Branch


You were on level 13 of the Dungeon.
You worshipped Gozag.
Gozag was most pleased with you.
You visited 2 branches of the dungeon, and saw 14 of its levels.

You collected 2935 gold pieces.
You paid 1057 gold pieces to Gozag.

Inventory:

Hand Weapons
 d - a +2 whip of flaming
 j - a +4 dagger of distortion
 n - a +1 dagger of holy wrath
 N - a +2 quarterstaff of chaos (weapon)
 T - the +6 sling of Immorality {drain, rC+ Str-2 Int+4 Dex+4}
   (You found it on level 11 of the Dungeon)

   Str:       It affects your strength (-2).
   Int:       It affects your intelligence (+4).
   Dex:       It affects your dexterity (+4).
   rC:        It protects you from cold.
 V - a +1 vampiric battleaxe
Missiles
 a - 4 curare-tipped darts
 b - 30 boomerangs
 h - 33 poisoned darts
 k - 27 javelins
 s - 2 datura-tipped darts
 R - 10 throwing nets
 S - 17 silver javelins
 U - 5 boomerangs of dispersal (quivered)
Armour
 r - the +2 robe "Ruybie" (worn) {Archmagi}
   (You found it on level 3 of the Dungeon)

   Archmagi:  It increases the power of your magical spells.
 F - a +0 kite shield (worn)
 G - a +0 pair of gloves (worn)
 O - a +0 cloak (worn)
 W - a +1 plate armour of fire resistance
 X - a +2 leather armour of cold resistance
 Z - a +2 pair of boots (worn)
Jewellery
 u - a ring of positive energy
 D - the amulet of the Swan (around neck) {Fly rPois Regen+ Int+2}
   (You found it on level 9 of the Dungeon)

   [amulet of regeneration]

   Int:       It affects your intelligence (+2).
   rPois:     It protects you from poison.
   Fly:       It grants you flight.
   Regen:     It increases your rate of health regeneration.
 I - a ring of protection from fire (left hand)
 J - a ring of positive energy (right hand)
 Q - an amulet of the acrobat
Wands
 l - a wand of flame (49)
 y - a wand of roots (33)
 B - a wand of digging (3)
 H - a wand of polymorph (9)
Scrolls
 c - 2 scrolls of enchant weapon {unknown}
 e - 6 scrolls of noise {unknown}
 f - 2 scrolls of identify
 i - 3 scrolls of fear {unknown}
 m - 5 scrolls of vulnerability {unknown}
 o - 4 scrolls of magic mapping {unknown}
 p - 6 scrolls of immolation
 q - 3 scrolls of poison {unknown}
 t - 2 scrolls of amnesia {unknown}
 v - a scroll of brand weapon {unknown}
 w - 4 scrolls of blinking {unknown}
 A - a scroll of silence {unknown}
 K - a scroll of fog {unknown}
 M - 4 scrolls of enchant armour {unknown}
Potions
 g - a potion of ambrosia
 x - 7 potions of curing
 z - 3 potions of attraction
 L - a potion of mutation
 Y - a potion of flight {unknown}
Miscellaneous
 E - a box of beasts (inert)


   Skills:
 - Level 5.0 Armour
 - Level 5.0 Dodging
 - Level 2.4 Stealth
 + Level 11.0 Shields
 + Level 6.1 Spellcasting
 - Level 1.1 Transmutations
 * Level 21.8 Earth Magic
 - Level 5.0 Evocations


You had 4 spell levels left.
You knew the following spells:

 Your Spells              Type           Power      Damage    Failure   Level
a - Stone Arrow           Conj/Erth      100%       3d13      1%          3
b - Passwall              Tmut/Erth      57%        N/A       1%          2
c - Sandblast             Erth           100%       2d20      0%          1
d - Lee's Rapid Deconstr  Erth           49%        3d23*     1%          5
e - Petrify               Tmut/Erth      69%        N/A       1%          4
f - Borgnjor's Vile Clut  Necr/Erth      34%        N/A       6%          5

Your spell library contained the following spells:

 Spells                   Type           Power      Damage    Failure   Level
 Leda's Liquefaction      Hex/Erth       34%        N/A       2%          4
 Summon Small Mammal      Summ           36%        N/A       19%         1
 Ensorcelled Hibernation  Hex/Ice        18%        N/A       28%         2
 Poisonous Vapours        Pois/Air       18%        N/A       28%         2
 Spider Form              Tmut/Pois      13%        N/A       41%         3
 Call Canine Familiar     Summ           9%         N/A       50%         3
 Dazzling Flash           Conj/Hex       18%        N/A       50%         3
 Mephitic Cloud           Conj/Pois/Air  9%         N/A       50%         3
 Summon Guardian Golem    Hex/Summ       9%         N/A       50%         3
 Volatile Blastmotes      Fire/Tloc      18%        2d11      50%         3
 Anguish                  Hex/Necr       4%         N/A       88%         4
 Iskenderun's Mystic Bla  Conj/Tloc      9%         2d4       88%         4
 Olgreb's Toxic Radiance  Pois           9%         N/A       88%         4
 Statue Form              Tmut/Erth      46%        N/A       26%         6
 Iron Shot                Conj/Erth      34%        9d7       32%         6
 Arcjolt                  Conj/Air       4%         1d14      99%         5
 Freezing Cloud           Conj/Ice/Air   4%         6-21      99%         5
 Iskenderun's Battlesphe  Conj           9%         2d6       99%         5
 Death Channel            Necr           4%         N/A       100%        6
 Plasma Beam              Fire/Air       4%         2x1d16    100%        6
 Starburst                Conj/Fire      4%         6d4       100%        6
 Spellforged Servitor     Conj/Summ      4%         N/A       100%        7
 Discord                  Hex            4%         N/A       100%        8
 Ignition                 Fire           4%         3d4       100%        8
 Vhi's Electric Charge    Tloc/Air       Unusable   N/A       N/A         3
 Animate Dead             Necr           Unusable   N/A       N/A         4

Dungeon Overview and Level Annotations

Branches:
Dungeon (13/15)            Temple (1/1) D:6            Lair (0/5) D:9
    Orc (0/2) D:12
 Vaults: D:13-14

Altars:
Ashenzari
Cheibriados
Dithmenos
Elyvilon
Fedhas
Gozag
Hepliaklqana
Kikubaaqudgha
Makhleb
Nemelex Xobeh
Okawaru
Qazlal
Ru
Sif Muna
Trog
Uskayaw
Vehumet
Wu Jian
Xom
Yredelemnul
Zin
The Shining One
Lugonu

Annotations:
D:13 Jorgrun


Innate Abilities, Weirdness & Mutations

You cannot be hasted, slowed, berserked, paralysed or teleported.
You can dig through walls and to a lower floor.
You have a pair of large antennae on your head. (SInv)
Your four strong arms can wield two-handed weapons with a shield.
Your mind is acute. (Int +4, Str/Dex -1)
Your movements are slightly less encumbered by armour. (ER -2)


Message History

The blast of rock fragments hits Jorgrun!!
Jorgrun is moderately wounded.
The centaur wields a +0 shortbow.
The centaur shoots an arrow.
The arrow hits you.
The centaur shoots an arrow.
The arrow hits you. Jorgrun gestures at you while chanting.
You are slowing down.
Casting: Lee's Rapid Deconstruction (safe; 1% risk of failure)
Confirm with . or Enter, or press ? or * to list all spells.
Aiming: Lee's Rapid Deconstruction (safe; 1% risk of failure)
Press: ? - help, Dir - move target A rock wall.
You feel a surge of power!
The wall shatters!
The blast of rock fragments hits Jorgrun!!
Jorgrun is heavily wounded.
A centaur comes into view.
The centaur shoots an arrow.
The arrow hits you. Jorgrun casts a spell at you.
You resist with significant effort.
The centaur shoots an arrow.
The arrow hits you.
Your limbs are stiffening.
Unknown command.
Jorgrun attacks as you move away! You block Jorgrun's attack.
The centaur shoots an arrow.
The arrow hits you but does no damage.
The centaur shoots an arrow.
The arrow hits you.
You have turned to stone.
Jorgrun hits you with a +0 heavy quarterstaff!
Jorgrun casts a spell at you.
Jorgrun points at you and mumbles some strange words.
Roots burst forth from the earth!
The grasping roots grab you! The grasping roots constrict you!
A vault guard comes into view. It is wielding a +0 great mace.
Jorgrun hits you with a +0 heavy quarterstaff!
The grasping roots constrict you!
Jorgrun hits you with a +0 heavy quarterstaff!
The grasping roots constrict you. Jorgrun casts a spell at you.
The iron shot hits you!!!
* * * LOW HITPOINT WARNING * * *
The grasping roots constrict you!
You die...
Your body crumbles into a pile of gold.

. #.#..#. #.#.
..#. .#.##.#. ..
.:.. #. #..#####
#.###.p.. .######
#.<##.#c##..)...#
##..$.ccg$...$..#
#..#.###@###.#.#
#..#.#.....#
#..###.#.#$#
#............
#..### #.# #.#
#..# #.# .# #..#
#.# # ...


You could see Jorgrun, a vault guard and 3 centaurs.

Vanquished Creatures
  Frances (D:12)
  An orc warlord (D:11)
  3 centaur warriors
  2 two-headed ogres
  Sonja (D:12)
  A deep elf pyromancer (D:9)
  4 cyclopes
  4 ugly things (D:12)
  4 manticores
  A black mamba (shapeshifter) (D:12)
  A gargoyle (D:11)
  An unseen horror (D:10)
  Psyche (D:9)
  3 kobold demonologists (D:10)
  A rime drake (D:9)
  8 trolls
  Grinder (D:5)
  A hornet (D:7)
  A vampire (D:9)
  23 yaks
  2 shadows (D:12)
  A wyvern (D:9)
  9 vampire mosquitoes (D:13)
  The ghost of Bnni the Digger, an amateur FoEE (D:3)
  3 acid dragons
  A water moccasin (D:9)
  4 black bears
  17 orc warriors
  6 ice beasts (D:9)
  2 ogres (D:7)
  4 wolves
  8 centaurs
  A phantom (D:4)
  4 kobold brigands
  2 gnoll sergeants
  8 bullfrogs
  A scorpion (D:4)
  7 wights
  14 killer bees
  5 troll zombies (D:12)
  2 howler monkeys (D:5)
  An electric eel (D:8)
  2 hounds
  A gnoll bouda (D:5)
  6 jellies
  4 orc priests
  Crazy Yiuf (D:2)
  2 iguanas
  Ijyb (D:4)
  6 orc wizards
  3 ogre zombies (D:12)
  14 gnolls
  7 adders
  2 shadow imps
  2 white imps (D:5)
  A worm (D:4)
  3 dart slugs
  24 orcs
  6 endoplasms
  4 giant cockroaches
  7 goblins
  7 hobgoblins
  8 jackals (D:2)
  13 kobolds
  3 quokkas
  7 ball pythons
  A bat (D:1)
  4 frilled lizards
  A goblin skeleton (D:12)
  6 goblin zombies (D:12)
  2 hobgoblin zombies (D:12)
  2 orc skeletons (D:12)
  13 orc zombies (D:12)
  4 rats (D:1)
333 creatures vanquished.

Vanquished Creatures (others)
  An orc zombie (D:12)
1 creature vanquished.

Grand Total: 334 creatures vanquished

Notes
Turn   | Place    | Note
-------+----------+-------------------------------------------
     0 | D:1      | Descartes the Formicid Earth Elementalist began the quest
                  | for the Orb.
     0 | D:1      | Reached XP level 1. HP: 13/13 MP: 3/3
   154 | D:1      | Reached XP level 2. HP: 19/19 MP: 1/5
   192 | D:1      | Reached skill level 4 in Earth Magic
   524 | D:1      | Learned a level 2 spell: Passwall
   602 | D:1      | Reached skill level 1 in Armour
   602 | D:1      | Reached XP level 3. HP: 19/24 MP: 1/6
   943 | D:1      | Found a faded altar of an unknown god.
  1440 | D:2      | Reached XP level 4. HP: 27/30 MP: 2/7
  2005 | D:2      | Found a runed translucent door.
  2006 | D:2      | Noticed Crazy Yiuf
  2061 | D:3      | Found a runed translucent gate.
  2061 | D:3      | Found a runed translucent gate.
  2061 | D:3      | Found a runed translucent gate.
  2064 | D:3      | Noticed Bnni's ghost (amateur FoEE)
  2310 | D:3      | Identified the +2 robe "Ruybie" {Archmagi}
  2618 | D:3      | Noticed a kobold brigand
  2669 | D:4      | Reached XP level 5. HP: 35/35 MP: 4/9
  2672 | D:4      | Reached skill level 5 in Earth Magic
  2817 | D:4      | Found a broken altar of Ashenzari.
  2890 | D:4      | Reached XP level 6. HP: 41/41 MP: 4/10
  3020 | D:4      | Noticed Ijyb
  3039 | D:4      | Killed Ijyb
  3040 | D:4      | Reached skill level 6 in Earth Magic
  3139 | D:4      | Reached XP level 7. HP: 41/46 MP: 6/12
  3208 | D:4      | Identified the +1 ring mail of the Land of Plenty {MP+9}
  3327 | D:4      | Learned a level 3 spell: Stone Arrow
  3333 | D:4      | Learned a level 5 spell: Lee's Rapid Deconstruction
  3410 | D:4      | Found an opulent altar of Gozag.
  3414 | D:4      | Found a glowing silver altar of Zin.
  3416 | D:4      | Became a worshipper of Gozag Ym Sagoz the Greedy
  3419 | D:4      | Found a stormy altar of Qazlal.
  3419 | D:4      | Found a bloodstained altar of Trog.
  3426 | D:4      | Found a sacrificial altar of Ru.
  3789 | D:4      | Found a snail-covered altar of Cheibriados.
  3859 | D:5      | Entered Level 5 of the Dungeon
  3885 | D:5      | Noticed Grinder
  3896 | D:5      | Gained mutation: Your mind is acute. (Int +4, Str/Dex -1)
                  | [potion of mutation]
  3896 | D:5      | Gained mutation: Your movements are slightly less
                  | encumbered by armour. (ER -2) [potion of mutation]
  3903 | D:5      | Killed Grinder
  3904 | D:5      | Reached skill level 7 in Earth Magic
  3904 | D:5      | Reached XP level 8. HP: 25/52 MP: 7/14
  4252 | D:5      | Reached skill level 1 in Shields
  4340 | D:5      | Found an iron altar of Okawaru.
  4342 | D:5      | Found a blossoming altar of Fedhas.
  4372 | D:5      | Reached skill level 8 in Earth Magic
  5189 | D:6      | Found a staircase to the Ecumenical Temple.
  5204 | D:6      | Reached XP level 9. HP: 57/57 MP: 14/16
  5220 | Temple   | Entered the Ecumenical Temple
  6315 | D:7      | Reached skill level 5 in Spellcasting
  6533 | D:7      | Noticed a hornet
  6545 | D:7      | Killed a hornet
  6546 | D:7      | Reached skill level 5 in Armour
  6546 | D:7      | Reached skill level 5 in Shields
  6546 | D:7      | Reached skill level 9 in Earth Magic
  6953 | D:7      | Reached skill level 5 in Dodging
  7428 | D:7      | Reached skill level 10 in Earth Magic
  7454 | D:7      | Reached XP level 10. HP: 25/63 MP: 12/17
  7885 | D:7      | Reached skill level 11 in Earth Magic
  8881 | D:8      | Reached skill level 10 in Shields
  8885 | D:8      | Reached skill level 12 in Earth Magic
  9061 | D:8      | Reached skill level 16 in Earth Magic
  9061 | D:8      | Reached XP level 11. HP: 68/68 MP: 18/18
  9179 | D:9      | Noticed Psyche
  9180 | D:9      | Noticed a two-headed ogre
  9184 | D:9      | Killed Psyche
  9201 | D:9      | Killed a two-headed ogre
  9202 | D:9      | Reached skill level 1 in Evocations
  9402 | D:9      | Reached skill level 17 in Earth Magic
  9406 | D:9      | Reached XP level 12. HP: 73/74 MP: 9/19
  9847 | D:9      | Found a staircase to the Lair.
  9999 | D:9      | Noticed a centaur warrior
 10005 | D:9      | Killed a centaur warrior
 10259 | D:9      | Identified the amulet of the Swan {Fly rPois Regen+ Int+2}
 10408 | D:9      | Reached skill level 18 in Earth Magic
 10479 | D:9      | Found a large runed translucent door.
 10480 | D:9      | Found a large runed translucent door.
 10484 | D:9      | Found a large runed translucent door.
 10484 | D:9      | Found a large runed translucent door.
 10978 | D:10     | Entered Level 10 of the Dungeon
 11008 | D:10     | Found a corrupted altar of Lugonu.
 11016 | D:10     | Reached skill level 5 in Evocations
 11187 | D:10     | Noticed a two-headed ogre
 11189 | D:10     | Killed a two-headed ogre
 11867 | D:3      | Killed Bnni's ghost
 12314 | D:2      | Killed Crazy Yiuf
 12657 | D:9      | Reached skill level 19 in Earth Magic
 12973 | D:10     | Learned a level 4 spell: Petrify
 13408 | D:10     | Learned a level 5 spell: Borgnjor's Vile Clutch
 13627 | D:11     | Reached XP level 13. HP: 79/79 MP: 9/20
 14414 | D:11     | Noticed a centaur warrior
 14416 | D:11     | Killed a centaur warrior
 14417 | D:11     | Reached skill level 20 in Earth Magic
 15104 | D:11     | Identified the +6 sling of Immorality {drain, rC+ Str-2
                  | Int+4 Dex+4}
 15184 | D:11     | Noticed an orc warlord
 15191 | D:11     | Killed an orc warlord
 15268 | D:11     | Found an iron altar of Okawaru.
 15661 | D:12     | Noticed Frances
 15758 | D:12     | Killed Frances
 15759 | D:12     | Reached skill level 21 in Earth Magic
 16845 | D:12     | Noticed Sonja
 16847 | D:12     | Killed Sonja
 17748 | D:12     | Found a staircase to the Orcish Mines.
 18526 | D:13     | Noticed a vault guard
 18526 | D:13     | Noticed a vault guard
 18870 | D:13     | Noticed a centaur warrior
 18879 | D:13     | Killed a centaur warrior
 18900 | D:13     | Noticed Jorgrun
 18906 | D:13     | Noticed a vault guard
 18910 | D:13     | Constricted to death by Jorgrun

Illustrated notes

Levels and vault maps discovered:
D:1:      giann_forest_graveyard, layout_loops_ring,
          ebering_ecumenical_altar_rust
D:2:      layout_loops_ring, minmay_misc_feat_hallway, minmay_misc_feat_rugged,
          hangedman_glass_teeth, uniq_crazy_yiuf_cottage
D:3:      layout_rooms, gammafunk_ghost_nasty_kobolds
D:4:      black_bear_nest_2, layout_basic, cheibrodos_worm_habitat,
          nicolae_ashenzari_skybound, nicolae_overflow_hallway_of_the_gods,
          uniq_ijyb
D:5:      layout_basic, jmf_multi_god_temple, grunt_tough_drop, uniq_grinder
D:6:      layout_basic, minmay_temple_entry_tees, chequers_serial_rivers_large_a
D:7:      layout_loops_ring
D:8:      layout_rooms, minivault_4, kennysheep_generic_room_16
D:9:      layout_stronghold, hellmonk_lair_entry_icy,
          minmay_hollow_rounded_squares, uniq_psyche
D:10:     kennysheep_kobold_lugonu_temple, layout_loops_ring
D:11:     evilmike_iron_armoury, layout_basic, lemuel_old_faithful
D:12:     layout_gridville, zombieorc2_lemuel, uniq_frances, uniq_sonja
D:13:     layout_loops_ring, lightli_vaults_fourway_checkpoint,
          minmay_misc_feat_roman, uniq_jorgrun
Temple:   nicolae_temple_figure_eight

Skill      XL: |  1  2  3  4  5  6  7  8  9 10 11 12 13 |
---------------+----------------------------------------+-----
Dodging        | 2 3 4 5 |  5.0
Earth Magic    | 4 5 6 7 8 10 16 17 19 21 | 21.8
Armour         | 1 2 3 4 5 |  5.0
Spellcasting   | 3 4 5 6 |  6.1
Shields        | 3 7 10 11 | 11.0
Evocations     | 2 5 |  5.0
Stealth        | |  2.4
Transmutations | |  1.1

Action                     |  1- 3 |  4- 6 |  7- 9 | 10-12 | 13-15 || total
---------------------------+-------+-------+-------+-------+-------++-------
  Melee: Unarmed           |       |    10 |       |       |       ||    10
   Cast: Sandblast         |    46 |    63 |    98 |   145 |    12 ||   364
         Lee's Rapid Decon |       |       |       |    55 |    81 ||   136
         Stone Arrow       |       |       |       |       |    42 ||    42
         Borgnjor's Vile C |       |       |       |       |     2 ||     2
 Invoke: Potion Petition   |       |       |       |       |     3 ||     3
Ability: Dig               |       |       |     1 |       |       ||     1
  Evoke: Wand              |       |       |       |       |     2 ||     2
         Box of beasts     |       |       |       |       |     1 ||     1
    Use: Potion            |       |       |     4 |     3 |     4 ||    11
         Scroll            |       |       |       |     9 |       ||     9
   Stab: Confused          |       |     2 |       |       |       ||     2
 Armour: Robe              |     7 |     3 |     4 |    17 |    16 ||    47
         Leather armour    |       |     1 |       |       |       ||     1
         Skin              |       |     2 |     5 |       |       ||     7
  Dodge: Dodged            |    14 |    21 |    32 |    59 |    37 ||   163
  Block: Buckler           |       |       |    11 |    24 |       ||    35
         Kite shield       |       |       |       |    24 |    42 ||    66
